 Dungeon Crawl Stone Soup version 0.17-a0-1596-g1e86911 (webtiles) character file.

240 karlkraus the Shield-Bearer (level 5, -1/47 HPs)
             Began as a Minotaur Fighter on July 31, 2015.
             Slain by a gnoll
             ... wielding a +0 halberd
              (3 damage)
             ... on level 2 of the Dungeon.
             The game lasted 00:02:27 (1746 turns).

karlkraus the Shield-Bearer (Minotaur Fighter)      Turns: 1746, Time: 00:02:27

Health: -1/47      AC:  9    Str: 27    XL:     5   Next: 79%
Magic:  4/4        EV:  6    Int:  5    God:
Gold:   142        SH: 10    Dex:  9    Spells: 0 memorised, 4 levels left

rFire  . . .     SeeInvis .     a - +0 flail
rCold  . . .     Clarity  .     f - +0 chain mail
rNeg   . . .     SustAt   .     c - +0 shield
rPois  .         Gourm    .     (helmet restricted)
rElec  .         Spirit   .     (no cloak)
rCorr  .         Warding  .     (no gloves)
rMut   .         Stasis   .     (no boots)
MR     .....                    (no amulet)
Stlth  ..........               (no ring)
                                (no ring)

@: mighty, not resistant to hostile enchantments, extremely unstealthy
A: retaliatory headbutt, horns 2
a: no special abilities


You were on level 2 of the Dungeon.
You were hungry.

You visited 1 branch of the dungeon, and saw 2 of its levels.

You collected 142 gold pieces.

Inventory:

Hand weapons
 a - a +0 flail (weapon)
Armour
 c - a +0 shield (worn)
 f - a +0 chain mail (worn)
Magical devices
 o - a wand of random effects (19)
Scrolls
 b - 2 scrolls of teleportation {unknown}
 g - 2 scrolls of random uselessness {unknown}
 l - a scroll of fear {unknown}
 m - a scroll of magic mapping {unknown}
 n - a scroll of blinking {unknown}
 r - a scroll of identify {unknown}
Potions
 h - a potion of flight {unknown}
 j - a potion of brilliance {unknown}
 p - a potion of curing {unknown}
 q - a potion of invisibility {unknown}
Comestibles
 e - 3 bread rations
 i - a beef jerky
 k - a meat ration


   Skills:
 + Level 4.8 Fighting
 + Level 3.7 Maces & Flails
 + Level 5.0 Armour
 + Level 0.7 Dodging
 + Level 0.1 Stealth
 + Level 5.4 Shields


You had 4 spell levels left.
You didn't know any spells.

Dungeon Overview and Level Annotations

Branches:
Dungeon (2/15)

Altars:
Xom


Innate Abilities, Weirdness & Mutations

You reflexively headbutt those who attack you in melee.
You have a pair of horns on your head.


Message History

* * * LOW HITPOINT WARNING * * *
You block the gnoll's attack. The gnoll hits you but does no damage.
The gnoll closely misses you.
You miss something. You headbutt something!
The gnoll hits you from afar with a spear.
* * * LOW HITPOINT WARNING * * *
Something hits you but does no damage. You block the gnoll's attack.
The gnoll hits you with a halberd.
* * * LOW HITPOINT WARNING * * *
Your shield and chain mail prevent you from hitting something.
You headbutt something!
Reactivating autopickup.
Your Armour skill increases to level 5!
Your Shields skill increases to level 5!
You have reached level 5!
You feel a bit more experienced. You block the gnoll's attack.
The gnoll hits you with a spear.
* * * LOW HITPOINT WARNING * * *
The gnoll hits you with a halberd.
You die...

#..##รท########.# ####
#..##)# #+##
...###..##.# #...##
##.##......### ##.....##
##.##.#......###.......#
##.##.##...#.##.........
..............+..g......
#####......#.##..g......
# #####.#....)@).....# #
###..###.g....## #
#....# #.#...## # #.#^##
#.##+## # #.#.# #.# # #
#.. ..# # ### ### # #


You could see 3 gnolls.

Vanquished Creatures
  Sigmund (D:2)
  A gnoll (D:2)
  3 adders (D:2)
  A worm (D:2)
  A ball python (D:1)
  11 goblins
  5 hobgoblins
  4 jackals (D:1)
  8 bats
  A giant cockroach (D:1)
  A giant gecko (D:2)
  2 giant newts
  6 kobolds (D:1)
  3 rats
48 creatures vanquished.

Notes
Turn   | Place    | Note
--------------------------------------------------------------
     0 | D:1      | karlkraus the Minotaur Fighter began the quest for the Orb.
     0 | D:1      | Reached XP level 1. HP: 19/19 MP: 0/0
    99 | D:1      | Reached XP level 2. HP: 21/27 MP: 1/1
   183 | D:1      | Reached skill level 4 in Shields
  1118 | D:2      | Reached XP level 3. HP: 33/33 MP: 2/2
  1560 | D:2      | Found a shimmering altar of Xom.
  1626 | D:2      | Reached XP level 4. HP: 31/40 MP: 3/3
  1735 | D:2      | Noticed Sigmund
  1746 | D:2      | Killed Sigmund
  1746 | D:2      | Reached skill level 5 in Armour
  1746 | D:2      | Reached skill level 5 in Shields
  1746 | D:2      | Reached XP level 5. HP: 3/47 MP: 4/4
  1746 | D:2      | HP: 2/47 [gnoll/spear (1)]
  1746 | D:2      | Slain by a gnoll

Vault maps used:
D:1:      dpeg_arrival_long_road, minmay_misc_feat_rows
D:2:      xom_butterflies, first_bread, kennysheep_doodads, uniq_sigmund

Action                   |  1- 3 |  4- 6 || total
-------------------------+-------+-------++-------
Melee: Flail             |   104 |     7 ||   111
  Use: Potion            |       |     1 ||     1
  Eat: Chunk             |     2 |       ||     2
